 Dungeon Crawl Stone Soup version 0.20-a0-9-g62d82d9 (webtiles) character file.

1467 kroki the Cleaver (level 9, -9/64 HPs)
             Began as a Formicid Fighter on Nov 1, 2016.
             Mangled by an ogre
             ... wielding a +0 giant club
              (19 damage)
             ... on level 6 of the Dungeon.
             The game lasted 00:04:21 (6098 turns).

kroki the Cleaver (Formicid Fighter)                Turns: 6098, Time: 00:04:21

Health: -9/64      AC: 11    Str: 21    XL:     9   Next: 6%
Magic:  9/9        EV:  5    Int:  8    God:
Gold:   223        SH:  9    Dex: 13    Spells: 0 memorised, 8 levels left

rFire  . . .     SeeInvis +     a - +0 war axe
rCold  . . .     Gourm    .     g - +0 chain mail
rNeg   . . .     Faith    .     c - +0 shield
rPois  .         Spirit   .     (helmet unavailable)
rElec  .         Reflect  .     l - +1 cloak
rCorr  .         Harm     .     (no gloves)
MR     .....                    (no boots)
Stlth  ..........               (no amulet)
                                (no ring)
                                (no ring)

@: no status effects
A: permanent stasis, dig shafts and tunnels, four strong arms, antennae 3
a: Dig, Shaft Self


You were on level 6 of the Dungeon.
You were not hungry.

You visited 1 branch of the dungeon, and saw 6 of its levels.
You also visited: Sewer.

You collected 223 gold pieces.

Inventory:

Hand Weapons
 a - a +0 war axe (weapon)
 A - a +0 war axe
   (You found it on level 5 of the Dungeon)
Missiles
 t - 2 throwing nets {=f, !d}
 x - a poisoned javelin (quivered)
Armour
 c - a +0 shield (worn)
 g - a +0 chain mail (worn)
   (You found it on level 1 of the Dungeon)
 l - a +1 cloak (worn)
   (You found it on level 1 of the Dungeon)
Wands
 p - a wand of polymorph (18/24)
   (You found it on level 4 of the Dungeon)
Scrolls
 e - 3 scrolls of identify
 j - a scroll of immolation {!r}
 m - 3 scrolls of teleportation
 w - a scroll of remove curse
Potions
 d - a potion of might
 n - 2 potions of cure mutation {!q}
 q - a potion of resistance
 s - 4 potions of curing
 u - 2 potions of brilliance
 v - a potion of cancellation {unknown}
 z - a potion of agility
Books
 y - Sif Muna's Reference Book on Evil and Conjuration
   (You found it on level 5 of the Dungeon)

   Spells                             Type                      Level
   a - Shock                          Conjuration/Air              1
   b - Flame Tongue                   Conjuration/Fire             1
   c - Animate Skeleton               Necromancy                   1
   d - Throw Frost                    Conjuration/Ice              2
   e - Animate Dead                   Necromancy                   4
   f - Fireball                       Conjuration/Fire             5
   g - Simulacrum                     Ice/Necromancy               6
Comestibles
 b - a slice of pizza
 f - 4 bread rations {@e1}
 h - 6 fruits
 k - a meat ration {@e2}
 o - 2 beef jerkies


   Skills:
 - Level 3.2 Fighting
 + Level 10.7 Axes
 - Level 3.2 Armour
 - Level 3.6 Shields


You had 8 spell levels left.
You didn't know any spells.

Dungeon Overview and Level Annotations

Branches:
Dungeon (6/15)
 Temple: D:4-7

Altars:
Xom
The Shining One


Innate Abilities, Weirdness & Mutations

You are under a permanent stasis effect.
You can dig through walls and to a lower floor.
Your four strong arms can wield two-handed weapons with a shield.
You have a pair of large antennae on your head. (SInv)


Message History

Done exploring.
Done exploring.
Done exploring.
Done exploring.
Done exploring.
Done exploring.
Done exploring.
Done exploring.
Done exploring.
Done exploring.
Done exploring.
Done exploring.
Done exploring.
Done exploring.
Done exploring.
Done exploring.
Done exploring.
Eating one of 4 chunks of flesh {@w0}.
You start eating one of the 4 chunks of flesh {@w0}.
You are feeling hungry.
There is an open door here.
Some of the chunks of flesh in your inventory have rotted away.
There is a stone staircase leading down here.
You climb downwards.
There is a stone staircase leading up here.
All of the chunks of flesh in your inventory have rotted away.
You sense a monster nearby.
An ogre comes into view. It is wielding a giant spiked club.
The ogre shouts!
You hear a shout!
You hear a bark!
The ogre moves out of view.
The centaur wields a shortbow.
The centaur shoots an arrow.
You block the arrow.
A centaur comes into view. It is wielding a shortbow.
There are monsters nearby!
You slash the ogre!
The centaur moves out of view.
The ogre hits you with a giant spiked club.
An ogre is nearby!
You slash the ogre!
You kill the ogre!
You have reached level 9!
Your experience leads to an increase in your attributes!
Increase (S)trength, (I)ntelligence, or (D)exterity?
You feel agile.
The centaur shoots an arrow.
The arrow hits you.
MP restored: 9 A centaur is nearby!
Aim: a centaur, wielding a shortbow You throw a javelin.
The javelin barely misses the centaur.
The centaur shoots an arrow.
The arrow closely misses you.
The centaur shoots an arrow.
The arrow hits you.
You take 5 damage, and have 53/64 hp.
A centaur is nearby!
Aim: a centaur, wielding a shortbow You throw a poisoned javelin.
The poisoned javelin barely misses the centaur.
The centaur shoots an arrow.
You block the arrow.
You hear a shout!
The centaur unwields an uncursed shortbow.
The centaur completely misses you.
You sense a monster nearby.
You barely miss the centaur. The centaur closely misses you.
An ogre comes into view. It is wielding a giant club.
There are monsters nearby!
You hit the centaur but do no damage.
The centaur hits you but does no damage.
The ogre moves out of view.
The centaur hits you.
Unknown command.
Your chain mail prevents you from hitting the centaur.
The centaur hits you but does no damage. x2
There are monsters nearby!
You slash the centaur! The centaur hits you.
A hound comes into view.
You take 5 damage, and have 48/64 hp.
There are monsters nearby!
You are too injured to fight recklessly!
You hit the centaur.
The centaur hits you but does no damage.
There are monsters nearby!
You are too injured to fight recklessly!
You slash the centaur!
You kill the centaur!
An ogre is nearby!
You are too injured to fight recklessly!
You slash the ogre! The ogre hits you with a giant club!!
You take 22 damage, and have 27/64 hp.
MASSIVE DAMAGE!!
You hit the ogre but do no damage. The ogre hits you with a giant club!
* * * LOW HITPOINT WARNING * * *
An adder comes into view.
You take 8 damage, and have 19/64 hp.
The adder hisses angrily.
You hit the ogre. The ogre hits you with a giant club!
* * * LOW HITPOINT WARNING * * *
You take 10 damage, and have 9/64 hp.
You hit the ogre. You hit the hound. The hound bites you but does no damage.
Unknown command.
You hit the ogre. You closely miss the hound.
The hound stops to sniff the ground.
You block the hound's attack. The ogre hits you with a giant club!!
You die...

########.......##..
...............##.#
#.#####[.......##.#
#.##...####.#
.#.##...####.#
..............#
+############.#
....S.O.....# {
.#.#.#@#.### {
#...h...# #########


You could see an ogre, a hound and an adder.

Vanquished Creatures
  The ghost of Zorot the Skirmisher, a novice MiBe of Trog (D:4)
  Grinder (D:4)
  3 ogres
  A centaur (D:6)
  A scorpion (D:5)
  A crimson imp (D:5)
  2 hounds (D:5)
  A bullfrog skeleton (D:4)
  An iguana (D:5)
  An orc wizard (D:4)
  3 worker ants
  6 gnolls
  8 adders
  An ooze (D:4)
  An adder skeleton (D:5)
  5 worms
  5 dart slugs
  11 leopard geckos
  6 orcs
  11 bats
  10 giant cockroaches
  4 goblins
  10 hobgoblins
  9 jackals
  2 quokkas
  7 ball pythons
  10 frilled lizards
  13 kobolds
  A leopard gecko skeleton (D:4)
  14 rats
150 creatures vanquished.

Notes
Turn   | Place    | Note
-------+----------+-------------------------------------------
     0 | D:1      | kroki the Formicid Fighter began the quest for the Orb.
     0 | D:1      | Reached XP level 1. HP: 18/18 MP: 1/1
   105 | D:1      | Reached XP level 2. HP: 24/24 MP: 2/2
   299 | D:1      | Reached skill level 3 in Axes
   535 | D:1      | Reached XP level 3. HP: 29/29 MP: 3/3
  1223 | D:2      | Reached skill level 4 in Axes
  1223 | D:2      | Reached XP level 4. HP: 35/35 MP: 4/4
  2144 | D:3      | Reached XP level 5. HP: 36/41 MP: 5/5
  2392 | D:3      | Reached skill level 5 in Axes
  2531 | D:3      | HP: 10/41 [adder (1)]
  2537 | D:3      | HP: 9/41 [poisoned by an adder]
  2545 | D:3      | HP: 8/41 [poisoned by an adder]
  3129 | D:4      | Reached XP level 6. HP: 40/47 MP: 6/6
  3193 | D:4      | Found a glowing drain.
  3218 | D:4      | Reached skill level 6 in Axes
  3225 | Sewer    | Entered a sewer
  3899 | D:4      | Noticed an ogre
  3904 | D:4      | Killed an ogre
  4066 | D:4      | Noticed Zorot's ghost (novice MiBe)
  4079 | D:4      | Killed Zorot's ghost
  4079 | D:4      | Reached skill level 8 in Axes
  4079 | D:4      | Reached XP level 7. HP: 14/52 MP: 7/7
  4485 | D:4      | Reached XP level 8. HP: 58/58 MP: 8/8
  4658 | D:4      | Noticed Grinder
  4684 | D:4      | Killed Grinder
  4684 | D:4      | Reached skill level 9 in Axes
  5131 | D:5      | Entered Level 5 of the Dungeon
  5326 | D:5      | Identified Sif Muna's Reference Book on Evil and Conjuration
  5521 | D:5      | Reached skill level 10 in Axes
  5604 | D:5      | Found a glowing golden altar of the Shining One.
  5848 | D:5      | Found a shimmering altar of Xom.
  6084 | D:6      | Reached XP level 9. HP: 62/64 MP: 9/9
  6096 | D:6      | HP: 9/64 [ogre/giant club (10)]
  6098 | D:6      | Mangled by an ogre

Vault maps used:
D:1:      shiori_arrival_elements
D:2:      minivault_23
D:3:      lemuel_upstairs_altar, hangedman_abyss_or_decor_stabs
D:4:      gup_sewer_entry_pipe, first_bread, uniq_grinder
D:5:      tgw_xom, tso_metal_star
D:6:      kennysheep_ying_yang, hangedman_minor_gate_pass
Sewer:    sewer_co_scattered_pipes

Skill      XL: |  1  2  3  4  5  6  7  8 |
---------------+-------------------------+-----
Axes           | 3 4 5 8 10 | 10.7
Fighting       | |  3.2
Armour         | |  3.2
Shields        | |  3.6

Action                   |  1- 3 |  4- 6 |  7- 9 || total
-------------------------+-------+-------+-------++-------
Melee: War axe           |    90 |   236 |    99 ||   425
Throw: Javelin           |     4 |    65 |    48 ||   117
  Use: Scroll            |       |    12 |     2 ||    14
       Potion            |       |     1 |       ||     1
  Eat: Chunk             |     1 |    10 |     7 ||    18
Armor: Scale mail        |    17 |       |       ||    17
       Chain mail        |    17 |   127 |    44 ||   188
Dodge: Dodged            |    31 |    44 |    17 ||    92
Block: Shield            |    40 |   119 |    37 ||   196

Vault maps used:
D:1:      shiori_arrival_elements
D:2:      minivault_23
D:3:      lemuel_upstairs_altar, hangedman_abyss_or_decor_stabs
D:4:      gup_sewer_entry_pipe, first_bread, uniq_grinder
D:5:      tgw_xom, tso_metal_star
D:6:      kennysheep_ying_yang, hangedman_minor_gate_pass
Sewer:    sewer_co_scattered_pipes

Table legend:
 A = Turns spent in this place as a percentage of turns spent in the entire game.
 B = Non-inter-level travel turns spent in this place as a percentage of non-inter-level travel turns spent in the entire game.
 C = Inter-level travel turns spent in this place as a percentage of turns spent in this place.
 D = Turns resting spent in this place as a percentage of non-inter-level travel turns spent in this place.
 E = Turns spent auto-exploring this place as a percentage of non-inter-level travel turns spent in this place.
 F = Non-inter-level travel turns spent in this place divided by the number of levels of this place that you've seen.
                   A       B       C       D       E      F
               +-------+-------+-------+-------+-------+----------------------
         Total | 100.0 | 100.0 |   0.3 |   0.0 |  15.5 | 341.0
       Dungeon |  89.4 |  89.4 |   0.4 |   0.0 |  15.2 | 355.7
         Sewer |  10.6 |  10.6 |   0.0 |   0.0 |  18.2 | 253.0
               +-------+-------+-------+-------+-------+----------------------

Table legend:
 A = Kills in this place as a percentage of kills in entire the game.
 B = Kills by you in this place as a percentage of kills by you in the entire game.
 C = Kills by friends in this place as a percentage of kills by friends in the entire game.
 D = Other kills in this place as a percentage of other kills in the entire game.
 E = Experience gained in this place as a percentage of experience gained in the entire game.
 F = Experience gained in this place divided by the number of levels of this place that you have seen.
                   A       B       C       D       E      F
               +-------+-------+-------+-------+-------+----------------------
         Total | 100.0 | 100.0 |  -nan |  -nan | 100.0 | 299.6
       Dungeon |  86.0 |  86.0 |  -nan |  -nan |  97.8 | 341.8
         Sewer |  14.0 |  14.0 |  -nan |  -nan |   2.2 |  46.0
               +-------+-------+-------+-------+-------+----------------------
